 Dungeon Crawl Stone Soup version 0.30-a0-612-g150a0467c1 (webtiles) character file.

Game seed: 4725776134893237152

296 tilp the Shield-Bearer (level 6, -1/52 HPs)
             Began as a Meteoran Fighter on Jan 8, 2023.
             Slain by Menkaure (16 damage)
             ... on level 5 of the Dungeon.
             The game lasted 00:04:49 (937 turns).

tilp the Shield-Bearer (Meteoran Fighter)            Turns: 937, Time: 00:04:50

Health: -1/52      AC:  9    Str: 19    XL:     6   Next: 93%
Magic:  7/7        EV: 13    Int:  9    God:
Gold:   55         SH:  5    Dex: 15    Spells: 5/5 levels left

rFire   . . .      SeeInvis .    a - +0 long sword
rCold   . . .      Faith    .    c - +0 buckler
rNeg    + . .      Spirit   .    q - +0 chain mail
rPois   .          Reflect  .    (no helmet)
rElec   .          Harm     .    (no cloak)
rCorr   .          Rampage  .    (no gloves)
Will    .....                    (no boots) Stlth
                                 (no amulet)
HPRegen 0.28/turn                n - ring of positive energy
MPRegen 0.10/turn                o - +5 ring of evasion

@: mighty, glowing
A: sense surroundings 1, otherworldly, glowing, explore regen
a: no special abilities


You were on level 5 of the Dungeon.
You visited 1 branch of the dungeon, and saw 5 of its levels.

You collected 55 gold pieces.

Inventory:

Hand Weapons
 a - a +0 long sword (weapon)
 g - a +0 long sword
 t - a +1 whip of freezing
Missiles
 b - 5 poisoned darts (quivered)
 j - 8 stones
Armour
 c - a +0 buckler (worn)
 q - a +0 chain mail (worn)
Jewellery
 n - a ring of positive energy (left hand)
 o - a +5 ring of evasion (right hand)
Scrolls
 e - 2 scrolls of blinking {unknown}
 f - a scroll of enchant weapon {unknown}
 k - a scroll of noise {unknown}
 m - 3 scrolls of immolation {unknown}
 p - a scroll of enchant armour {unknown}
 s - a scroll of amnesia {unknown}
Potions
 h - a potion of lignification {unknown}
 i - a potion of flight {unknown}
 l - a potion of resistance {unknown}
 r - a potion of attraction {unknown}
 u - a potion of degeneration {unknown}


   Skills:
 - Level 4.0 Fighting
 - Level 4.0 Long Blades
 - Level 2.0 Throwing
 - Level 4.0 Armour
 - Level 4.0 Dodging
 + Level 1.9 Stealth
 - Level 4.0 Shields


You had 5 spell levels left.
You didn't know any spells.
Your spell library was empty.

Dungeon Overview and Level Annotations

Branches:
Dungeon (5/15) Zot: 2005
 Temple: D:4-7

Altars:
Xom
The Shining One

Annotations:
D:5 Menkaure


Innate Abilities, Weirdness & Mutations

You passively map a small area around you.
You are easily found by Zot.
You glow in the dark.
You regain HP and MP as you explore.


Message History

Training target 4.0 for Dodging reached!
Training target 4.0 for Long Blades reached!
Your Long Blades skill increases to level 4!
Your Dodging skill increases to level 4!
You see here a +1 whip of freezing.
t - a +1 whip of freezing
Things that are here:
a +0 spear; a gnoll corpse
u - a pink potion
Items here: ))) [ †††.
Menkaure, Prince of Dust comes into view.
Menkaure shouts!
Menkaure mumbles some strange words.
Menkaure seems to speed up.
Unknown command.
Items here: ))) [ †††.
Things that are here:
a +0 spear; a gnoll corpse You start waiting.
A quokka is nearby!
You feel very mighty all of a sudden.
You closely miss the quokka. The quokka bites you.
You slash the quokka!
You kill the quokka!
Menkaure casts a spell at you.
You struggle to resist.
You hit Menkaure.
Menkaure is moderately damaged.
Menkaure points at you and mumbles some strange words.
You struggle to resist.
You completely miss Menkaure.
Menkaure is moderately damaged.
Menkaure hits you!!
* * * LOW HITPOINT WARNING * * *
Menkaure shouts, "The sands of time shall wipe you from history!"
Menkaure hits you but does no damage.
You slash Menkaure!
Menkaure is heavily damaged.
Menkaure hits you!
You die...

#........_......
, ,
#....#.......###
#....##.....##
#.....##...##
#......##.##
#.......#.#*** ,
, #.........# *
#.......###
#....@..#
####M#### #)####
* , #....# , ,
####.###*, ....
#.r.# * *##..##
###M## ,*....#.
* #..# , .....
##.#., #...#


You could see Menkaure (fast).

Vanquished Creatures
  A phantom (D:5)
  A scorpion (D:5)
  A jelly (D:5)
  A gnoll bouda (D:5)
  4 gnolls
  An adder (D:5)
  6 orcs
  4 endoplasms
  2 giant cockroaches
  5 goblins
  3 hobgoblins
  8 jackals
  3 kobolds
  3 quokkas
  3 ball pythons
  A frilled lizard (D:1)
  3 rats (D:1)
50 creatures vanquished.

Notes
Turn   | Place    | Note
-------+----------+-------------------------------------------
     0 | D:1      | tilp the Meteoran Fighter began the quest for the Orb.
     0 | D:1      | Reached XP level 1. HP: 19/19 MP: 2/2
    39 | D:1      | Reached XP level 2. HP: 26/26 MP: 3/3
    41 | D:1      | Reached skill level 1 in Dodging
   138 | D:1      | Reached XP level 3. HP: 31/31 MP: 4/4
   175 | D:2      | Found a faded altar of an unknown god.
   384 | D:4      | Found a shimmering altar of Xom.
   466 | D:5      | Entered Level 5 of the Dungeon
   570 | D:5      | Noticed a gnoll sergeant
   580 | D:4      | Reached XP level 4. HP: 30/39 MP: 5/5
   661 | D:5      | Found a glowing golden altar of the Shining One.
   826 | D:5      | Reached skill level 1 in Throwing
   826 | D:5      | Reached XP level 5. HP: 40/46 MP: 6/6
   866 | D:5      | Reached skill level 1 in Stealth
   877 | D:5      | Noticed a phantom
   878 | D:5      | Reached XP level 6. HP: 27/52 MP: 7/7
   918 | D:5      | Noticed Menkaure
   937 | D:5      | Slain by Menkaure

Illustrated notes

Levels and vault maps discovered:
D:1:      evilmike_arrival_plus, layout_basic
D:2:      layout_loops_ring, shapermc_ecumenical_altar_flowoftime, basic_altar
D:3:      layout_loops_ring, pf_just_have_faith,
          mainiacjoe_overflow_catch_the_wave, glass_columns_c
D:4:      layout_basic, xom_teletrap_fun
D:5:      layout_rooms, mainiacjoe_overflow_small_starburst, lemuel_round_altar,
          lemuel_round_altar, minmay_temple_entry_glass,
          gammafunk_ghost_gnarly_gnolls, uniq_menkaure

Skill      XL: |  1  2  3  4  5  6 |
---------------+-------------------+-----
Dodging        | 1 2 3 4 |  4.0
Shields        | 4 |  4.0
Long Blades    | 3 4 |  4.0
Throwing       | 1 2 |  2.0
Armour         | 4 |  4.0
Stealth        | 1 |  1.9
Fighting       | 4 |  4.0

Action                   |  1- 3 |  4- 6 || total
-------------------------+-------+-------++-------
Melee: Long sword        |    97 |    96 ||   193
  Use: Potion            |       |     1 ||     1
Armor: Scale mail        |    43 |       ||    43
       Chain mail        |     4 |    48 ||    52
Dodge: Dodged            |    44 |    52 ||    96
Block: Buckler           |    32 |    30 ||    62

Table legend: (Time is in decaauts)
 A = Elapsed time spent in this place.
 B = Non-inter-level travel time spent in this place.
 C = Inter-level travel time spent in this place.
 D = Time resting spent in this place.
 E = Time spent auto-exploring this place.
 F = Levels seen in this place.
 G = Mean time per level.
                   A        B        C        D        E       F      G
               +--------+--------+--------+--------+--------+-----+--------+
         Total |    993 |    946 |     47 |      3 |      0 |   5 |  198.6 |
       Dungeon |    993 |    946 |     47 |      3 |      0 |   5 |  198.6 |
               +--------+--------+--------+--------+--------+-----+--------+

Top non-repeatable levels by time:
     D:4: 515 daAuts
     D:5: 145 daAuts
     D:1: 134 daAuts
     D:2: 105 daAuts
     D:3: 91 daAuts
